 Dungeon Crawl Stone Soup version 0.28.0-53-g5a82cb258f (webtiles) character file.

Game seed: 5896509954824074999

24824 Goaboa the Disciple of Destruction (level 12, -18/84 (92) HPs)
             Began as a Demonspawn Necromancer on Aug 23, 2022.
             Was a Follower of Makhleb.
             Killed from afar by an ogre mage (25 damage)
             ... with a bolt of magma
             ... on level 2 of the Orcish Mines on Aug 24, 2022.
             The game lasted 02:14:55 (16089 turns).

Goaboa the Disciple of Destruction (DsNe)          Turns: 16089, Time: 02:14:56

HP:   -18/84 (92)   AC: 30    Str: 18    XL:     12   Next: 84%
MP:   21/23         EV: 12    Int: 25    God:    Makhleb [*.....]
Gold: 504           SH:  7    Dex: 17    Spells: 4/26 levels left

rFire   x . .      SeeInvis +   B - +11 mace "Ylufra" {venom, Will+ Str+3 Int+4}
rCold   + + .      Faith    .   U - +3 buckler
rNeg    + . .      Spirit   .   Y - +11 ice dragon scales "Daexaedd" {+Inv Fly rF- rC++ Dex+3}
rPois   .          Reflect  .   X - +0 helmet "Coapnyfa" {rN+ rCorr}
rElec   .          Harm     .   y - +0 cloak {Stlth+}
rCorr   +          Rampage  .   (no gloves)
Will    +....                   f - +1 pair of boots
Stlth   +.........              N - amulet of magic regeneration
HPRegen 0.24/turn               D - ring of see invisible
MPRegen 0.58/turn               R - +6 ring of strength

@: mighty, flying, very slightly contaminated, studying Polearms, drained
A: claws 1, yellow scales 2, icemail 2, condensation shield, demonic magic 1
a: Renounce Religion, Evoke Invisibility


You were on level 2 of the Orcish Mines.
You worshipped Makhleb.
Makhleb was aware of your devotion.
You visited 2 branches of the dungeon, and saw 13 of its levels.
You also visited: Bailey.

You collected 889 gold pieces.
You spent 385 gold pieces at shops.

Inventory:

Hand Weapons
 B - the +11 mace "Ylufra" (weapon) {venom, Will+ Str+3 Int+4}
   (You found it on level 4 of the Dungeon)

   It poisons the flesh of those it strikes.
   Str:       It affects your strength (+3).
   Int:       It affects your intelligence (+4).
   Will:      It increases your willpower.
Missiles
 n - 31 poisoned darts
Armour
 f - a +1 pair of boots (worn)
 y - a +0 cloak of stealth (worn)
 M - the +5 ice dragon scales of Amelioration {-Cast Harm rF- rC++ SInv}
   (You found it on level 7 of the Dungeon)

   rF:        It makes you vulnerable to fire.
   rC:        It greatly protects you from cold.
   SInv:      It lets you see invisible.
   -Cast:     It prevents spellcasting.
   Harm:      It increases damage dealt and taken.
 U - a +3 buckler (worn)
 X - the +0 helmet "Coapnyfa" (worn) {rN+ rCorr}
   (You found it in a bailey)

   rN:        It protects you from negative energy.
   rCorr:     It protects you from acid and corrosion.
 Y - the +11 ice dragon scales "Daexaedd" (worn) {+Inv Fly rF- rC++ Dex+3}
   (You found it in a bailey)

   Dex:       It affects your dexterity (+3).
   rF:        It makes you vulnerable to fire.
   rC:        It greatly protects you from cold.
   +Inv:      It lets you turn invisible.
   Fly:       It grants you flight.
Jewellery
 u - a +4 ring of evasion
 D - a ring of see invisible (left claw)
 F - a ring of poison resistance
 N - an amulet of magic regeneration (around neck)
 R - a +6 ring of strength (right claw)
Wands
 I - a wand of polymorph (18)
 K - a wand of iceblast (18)
 T - a wand of acid (1)
Scrolls
 a - a scroll of magic mapping
 b - 2 scrolls of enchant armour
 d - a scroll of silence
 e - a scroll of vulnerability {unknown}
 g - 7 scrolls of teleportation
 h - 2 scrolls of torment {unknown}
 p - a scroll of fog {unknown}
 r - 4 scrolls of amnesia
 s - a scroll of noise {unknown}
 P - 2 scrolls of immolation
 Q - a scroll of brand weapon
Potions
 c - a potion of lignification {unknown}
 l - 2 potions of heal wounds
 q - 9 potions of curing
 z - a potion of ambrosia {unknown}
 C - a potion of mutation {unknown}
 H - a potion of attraction {unknown}
 O - a potion of might
 V - a potion of brilliance {unknown}
Miscellaneous
 G - a phial of floods


   Skills:
 + Level 8.1 Fighting
 + Level 6.5 Maces & Flails
 + Level 6.6 Armour
 + Level 7.7 Dodging
 - Level 1.7 Stealth
 + Level 7.9 Spellcasting
 + Level 6.0 Hexes
 + Level 10.1 Necromancy
 - Level 2.0 Air Magic
 + Level 10.6 Invocations


You had 4 spell levels left.
You knew the following spells:

 Your Spells              Type           Power      Damage    Failure   Level
a - Anguish               Hex/Necr       25%        N/A       11%         4
b - Animate Dead          Necr           28%        N/A       4%          4
d - Vampiric Draining     Necr           57%        2d10      1%          3
p - Pain                  Necr           100%       1d9       1%          1
r - Swiftness             Air            19%        N/A       36%         3
s - Animate Skeleton      Necr           100%       N/A       1%          1
u - Dispel Undead         Necr           57%        3d20      4%          4
w - Corpse Rot            Necr/Air       80%        N/A       3%          2

Your spell library contained the following spells:

 Spells                   Type           Power      Damage    Failure   Level
 Ensorcelled Hibernation  Hex/Ice        50%        N/A       13%         2
 Poisonous Vapours        Pois/Air       28%        N/A       30%         2
 Passwall                 Tmut/Erth      7%         N/A       41%         2
 Spider Form              Tmut/Pois      9%         N/A       65%         3
 Agony                    Necr           57%        N/A       13%         5
 Infestation              Necr           28%        N/A       100%        8
 Necromutation            Tmut/Necr      17%        N/A       100%        8


Dungeon Overview and Level Annotations

Branches:
Dungeon (11/15)              Lair (0/6) D:8             Orc (2/2) D:10
    Elf (0/3) Orc:2        Bailey (visited)
 Temple: D:4-7

Altars:
Makhleb
Uskayaw
Wu Jian

Shops:
D:6 :*   D:10 *?

Annotations:
D:5 2 runed translucent doors
Orc:2 Donald


Innate Abilities, Weirdness & Mutations

You have sharp fingernails.
You are mostly covered in yellow scales. (AC +3)
A meltable icy envelope protects you from harm. (AC +0)
A meltable shield of frost defends you. (SH +0)
Spells you cast may paralyse adjacent enemies.


Message History

Donald closely misses you.
The ogre mage hits you but does no damage.
The warg closely misses you.
You barely miss the ogre mage.
The ogre mage is heavily wounded.
Donald hits you but does no damage. You partially resist.
You block the warg's attack. The ogre mage closely misses you.
Donald hits you from afar with a +4 demon trident of draining!!
You partially resist.
You feel drained. The warg bites you but does no damage.
As you read the scroll of fear, it crumbles to dust.
You assume a fearsome visage.
The ogre looks frightened! x3
The ogre mage resists with almost no effort.
The ogre resists with some effort.
Donald easily resists.
The orc warrior looks frightened!
The orc looks frightened!
The warg resists with some effort.
The orc looks frightened!
Donald hits you but does no damage. You partially resist.
The ogre mage hits you with a +0 club.
* * * LOW HITPOINT WARNING * * *
The warg misses you. Donald barely misses you.
Okay, then.
The warg closely misses you.
The ogre is no longer paralysed.
The ogre mage casts a spell at the ogre.
The ogre seems to speed up.
Donald hits you from afar with a +4 demon trident of draining!!
* * * LOW HITPOINT WARNING * * *
You partially resist.
You feel drained.
* * * LOW HITPOINT WARNING * * *
You block the ogre's attack.
You feel much better.
Donald hits you from afar with a +4 demon trident of draining!!
* * * LOW HITPOINT WARNING * * *
You partially resist.
You feel drained.
* * * LOW HITPOINT WARNING * * *
The ogre barely misses you. The ogre mage casts a spell at you.
The bolt of magma hits you!!
Your icy defenses dissipate!
The lava burns you terribly!
You die...

..... #.888# ...# .....#
#....##...###.# ......#
#888.#....#.#.#.
.......##....#.........#
#...............$.....##
........)..............#
.......<.))...........# .
$........)).)h.......## .
..........)@.O......#.## ..
.......#....O@...))#...# ..
........#........))....###..
#.##$.............)..O......
. ................)..)......
.#.###.........#.....#.... #
##........#...o..#.@.
..............#......
..........##..#.......


You could see Donald (fast, strong), an ogre mage (invisible), a warg and an
ogre (fast, anguished).

Vanquished Creatures
  2 boulder beetles (D:11)
  2 ogre magi (D:11)
  A hydra (D:11)
  4 two-headed ogres
  A deep elf pyromancer (D:11)
  An orc sorcerer (Orc:2)
  3 cyclopes
  A gargoyle (D:11)
  A komodo dragon (D:8)
  3 trolls (D:11)
  A meliai (D:11)
  A meliai zombie (D:11)
  A centaur simulacrum (D:11)
  3 shadows
  2 vampires
  2 wraiths
  3 steam dragons
  8 yaks
  5 wyverns
  4 fire bats (D:9)
  Menkaure (D:7)
  3 vampire mosquitoes (D:11)
  A warg (D:10)
  3 acid dragons
  Edmund (D:4)
  5 water moccasins
  Duvessa (D:7)
  An ice beast (D:6)
  16 orc warriors
  2 sky beasts
  6 black bears
  2 necrophages
  5 ogres
  4 centaurs
  3 kobold brigands
  A phantom (D:5)
  3 bullfrogs
  A wyvern zombie (D:8)
  2 scorpions
  A water moccasin zombie (D:7)
  A water moccasin skeleton (D:6)
  Dowan (D:7)
  7 killer bees
  8 howler monkeys
  14 wights
  5 centaur zombies
  3 lava snakes (D:7)
  A gnoll shaman (D:5)
  A hound (D:5)
  3 jellies
  Crazy Yiuf (D:4)
  8 orc priests
  A bullfrog skeleton (D:5)
  Natasha (thrice) (D:2)
  Terence (D:2)
  4 iguanas
  13 orc wizards
  A killer bee zombie (D:3)
  2 hound skeletons (D:4)
  2 howler monkey zombies
  Robin (D:4)
  11 gnolls
  4 adders
  A white imp (D:8)
  2 ufetubi (D:5)
  2 worms
  A dart slug (D:3)
  54 orcs
  5 ball pythons
  A bat (D:1)
  7 endoplasms
  4 giant cockroaches
  20 goblins
  16 hobgoblins
  4 jackals
  25 kobolds
  5 quokkas
  A frilled lizard (D:2)
  4 rats
359 creatures vanquished.

Vanquished Creatures (collateral kills)
  2 two-headed ogres
  A cyclops (D:11)
  A troll (Orc:2)
  A shadow (D:11)
  A yak (D:10)
  A wyvern (D:8)
  A black bear (D:8)
  An ogre (Orc:2)
  An orc wizard (D:8)
  4 gnolls
  7 orcs
  A goblin (D:4)
  2 hobgoblins (D:4)
  2 kobolds
26 creatures vanquished.

Vanquished Creatures (others)
  A gnoll sergeant (D:10)
  A wight (D:10)
  An orc priest (D:10)
  An orc wizard (D:4)
  2 gnolls (D:10)
  An orc (D:8)
  14 fungi
  18 plants
39 creatures vanquished.

Grand Total: 424 creatures vanquished

Notes
Turn   | Place    | Note
-------+----------+-------------------------------------------
     0 | D:1      | Goaboa the Demonspawn Necromancer began the quest for the
                  | Orb.
     0 | D:1      | Reached XP level 1. HP: 13/13 MP: 3/3
   317 | D:1      | Learned a level 1 spell: Animate Skeleton
   531 | D:1      | Gained mutation: You are partially covered in yellow
                  | scales. (AC +2) [demonic ancestry]
   531 | D:1      | Reached XP level 2. HP: 13/20 MP: 1/5
   693 | D:1      | Reached skill level 1 in Invocations
  1129 | D:2      | Noticed Natasha
  1288 | D:2      | Reached skill level 1 in Fighting
  1288 | D:2      | Gained mutation: A meltable shield of frost defends you.
                  | (SH +0) [demonic ancestry]
  1288 | D:2      | Reached XP level 3. HP: 20/26 MP: 2/6
  1611 | D:2      | Noticed Terence
  1618 | D:2      | Killed Terence
  1627 | D:2      | Reached XP level 4. HP: 20/32 MP: 1/7
  1633 | D:2      | Killed Natasha
  1688 | D:2      | Learned a level 3 spell: Vampiric Draining
  2058 | D:2      | Found a hide-covered altar of Uskayaw.
  2075 | D:2      | Became a worshipper of Uskayaw the Reveller
  2150 | D:2      | Noticed Natasha
  2155 | D:2      | Reached * piety under Uskayaw
  2159 | D:2      | Killed Natasha
  2159 | D:2      | Reached ** piety under Uskayaw
  2160 | D:2      | Reached skill level 5 in Necromancy
  2160 | D:2      | Reached XP level 5. HP: 30/38 MP: 9/9
  2372 | D:2      | Noticed Natasha
  2385 | D:2      | Killed Natasha
  3130 | D:3      | Learned a level 4 spell: Animate Dead
  3484 | D:3      | Reached *** piety under Uskayaw
  3637 | D:4      | Gained mutation: A meltable icy envelope protects you from
                  | harm. (AC +0) [demonic ancestry]
  3637 | D:4      | Reached XP level 6. HP: 45/45 MP: 10/10
  3714 | D:5      | Entered Level 5 of the Dungeon
  3912 | D:4      | Noticed Edmund
  3957 | D:4      | Killed Edmund
  4214 | D:4      | Reached XP level 7. HP: 30/52 MP: 2/12
  4665 | D:4      | Reached skill level 1 in Armour
  5216 | D:4      | Noticed Robin
  5261 | D:4      | Killed Robin
  5764 | D:4      | Found a runed translucent door.
  5765 | D:4      | Noticed Crazy Yiuf
  5828 | D:4      | Killed Crazy Yiuf
  5915 | D:4      | Identified the +11 mace "Ylufra" {venom, Will+ Str+3 Int+4}
  6353 | D:5      | Gained mutation: Spells you cast may paralyse adjacent
                  | enemies. [demonic ancestry]
  6353 | D:5      | Reached XP level 8. HP: 57/60 MP: 14/14
  6395 | D:5      | Found a large runed translucent door.
  6395 | D:5      | Found a large runed translucent door.
  6407 | D:5      | Reached skill level 1 in Maces & Flails
  6407 | D:5      | Reached skill level 5 in Invocations
  6414 | D:5      | Reached **** piety under Uskayaw
  6421 | D:5      | Learned a level 2 spell: Corpse Rot
  6506 | D:5      | Found a large runed translucent door.
  6506 | D:5      | Found a large runed translucent door.
  6555 | D:5      | Got the Incunabulum of Necromancy
  6977 | D:5      | Noticed a two-headed ogre
  7147 | D:6      | Found Mucea's General Store.
  7167 | D:6      | Gained mutation: A meltable icy envelope protects you from
                  | harm. (AC +0) [demonic ancestry]
  7167 | D:6      | Reached XP level 9. HP: 65/66 MP: 16/16
  7279 | D:6      | Reached skill level 5 in Spellcasting
  7422 | D:7      | Noticed Dowan
  7424 | D:7      | Noticed Duvessa
  7485 | D:6      | Noticed a two-headed ogre
  7543 | D:6      | Killed a two-headed ogre
  7544 | D:6      | Reached skill level 5 in Fighting
  7544 | D:6      | Reached skill level 5 in Dodging
  7772 | D:6      | Learned a level 4 spell: Dispel Undead
  7814 | D:6      | Found Riaskeipuo's Book Boutique.
  8178 | D:7      | Noticed Menkaure
  8187 | D:7      | Killed Menkaure
  8831 | D:7      | Reached XP level 10. HP: 74/74 MP: 18/18
  9166 | D:7      | Killed Dowan
  9173 | D:7      | Killed Duvessa
  9235 | D:7      | Identified the +5 ice dragon scales of Amelioration {-Cast
                  | Harm rF- rC++ SInv}
  9612 | D:8      | Reached skill level 5 in Armour
  9670 | D:8      | Found a staircase to the Lair.
 10008 | D:8      | Found an ornate altar of the Wu Jian Council.
 10053 | D:8      | Noticed a cyclops
 10069 | D:8      | Reached ***** piety under Uskayaw
 10078 | D:8      | Killed a cyclops
 10080 | D:8      | Reached ****** piety under Uskayaw
 10093 | D:8      | Gained mutation: You have sharp fingernails. [demonic
                  | ancestry]
 10093 | D:8      | Reached XP level 11. HP: 33/83 MP: 15/20
 10344 | D:8      | Learned a level 4 spell: Anguish
 10348 | D:8      | Learned a level 3 spell: Swiftness
 10791 | D:9      | Reached skill level 5 in Maces & Flails
 10997 | D:10     | Entered Level 10 of the Dungeon
 11077 | D:10     | Reached skill level 1 in Hexes
 11546 | D:10     | Reached skill level 1 in Air Magic
 11601 | D:10     | Found Teweuwip's Magic Scroll Shoppe.
 11612 | D:10     | Bought a scroll of brand weapon for 280 gold pieces
 11612 | D:10     | Bought a scroll of blinking for 105 gold pieces
 11649 | D:10     | Found a flagged portal.
 11697 | Bailey   | Entered a bailey
 12035 | Bailey   | Identified the ring "Cib Nics" {Fire Will+ Stlth+}
 12037 | Bailey   | Identified the +0 helmet "Coapnyfa" {rN+ rCorr}
 12052 | Bailey   | Identified the +11 ice dragon scales "Daexaedd" {+Inv Fly
                  | rF- rC++ Dex+3}
 13029 | D:10     | Found a staircase to the Orcish Mines.
 13084 | D:10     | Found Foca's General Store.
 13754 | D:11     | Found a burning altar of Makhleb.
 13754 | D:11     | Noticed a green death
 13766 | D:11     | Fell from the grace of Uskayaw
 13766 | D:11     | Became a worshipper of Makhleb the Destroyer
 13822 | D:11     | Noticed a two-headed ogre
 13865 | D:11     | Killed a two-headed ogre
 13955 | D:11     | Noticed a deep elf pyromancer
 13965 | D:11     | Killed a deep elf pyromancer
 14245 | D:11     | Noticed a boulder beetle
 14257 | D:11     | Gained mutation: You are mostly covered in yellow scales.
                  | (AC +3) [demonic ancestry]
 14257 | D:11     | Reached XP level 12. HP: 37/91 MP: 22/22
 14265 | D:11     | Killed a boulder beetle
 14270 | D:11     | Noticed a two-headed ogre
 14322 | D:11     | Killed a two-headed ogre
 14755 | D:11     | Noticed a two-headed ogre
 14763 | D:11     | Reached skill level 10 in Invocations
 14775 | D:11     | Killed a two-headed ogre
 14779 | D:11     | Reached * piety under Makhleb
 14810 | D:11     | Noticed an ogre mage
 14817 | D:11     | Noticed a boulder beetle
 14824 | D:11     | Killed an ogre mage
 14825 | D:11     | Reached skill level 5 in Hexes
 14863 | D:11     | Killed a boulder beetle
 15055 | D:11     | Noticed an ogre mage
 15066 | D:11     | Killed an ogre mage
 15084 | D:11     | Noticed a five-headed hydra
 15097 | D:11     | Noticed an eight-headed hydra
 15124 | D:11     | Killed a five-headed hydra
 15135 | D:11     | Noticed a centaur warrior
 15233 | Orc:1    | Entered Level 1 of the Orcish Mines
 15233 | Orc:1    | Noticed a two-headed ogre
 15462 | D:10     | Killed a two-headed ogre
 15755 | Orc:1    | Reached skill level 10 in Necromancy
 15953 | Orc:2    | Entered Level 2 of the Orcish Mines
 16039 | Orc:2    | Noticed a two-headed ogre
 16050 | Orc:2    | Killed a two-headed ogre
 16061 | Orc:2    | Noticed an ogre mage
 16065 | Orc:2    | Found a staircase to the Elven Halls.
 16067 | Orc:2    | Noticed Donald
 16069 | Orc:2    | Noticed an orc high priest
 16087 | Orc:2    | HP: 4/87 [Donald/+4 demon trident of draining (3)]
 16089 | Orc:2    | Killed from afar by an ogre mage

Illustrated notes

Levels and vault maps discovered:
D:1:      minmay_arrival_up_and_down, layout_rooms, minivault_23
D:2:      layout_loops_ring, basic_altar, st_stairs_5, uniq_natasha,
          uniq_terence
D:3:      layout_rooms, minmay_misc_feat_columns
D:4:      corexii_shantytown, layout_basic, minmay_bent, uniq_robin,
          uniq_edmund, uniq_crazy_yiuf_cottage
D:5:      layout_loops_ring, minmay_hollow_rounded_squares
D:6:      layout_loops_cross, serial_shops, shop, shop, dk_noncrumbling_4
D:7:      layout_gridville, minmay_temple_entry_tees, kennysheep_diamond,
          uniq_joseph, uniq_menkaure, uniq_duvessa
D:8:      layout_loops_ring, mainiacjoe_overflow_surrounded_room,
          due_lair_maze_entry_diamond, grunt_potential
D:9:      layout_loops_corners, hangedman_incinerator
D:10:     layout_loops_ring, orc_0_dummy, enter_bailey_2, serial_shops,
          nicolae_shop_crystal, nicolae_square_shop
D:11:     minmay_quarter_circles, layout_loops_ring,
          chequers_serial_rivers_micro_e, minivault_20,
          makhleb_altar_promises_db
Orc:1:    layout_caves, uniq_urug
Orc:2:    st_orc_ogre_mass, layout_caves, serial_shops, shop,
          small_statue_alley_c, uniq_donald

Skill      XL: |  1  2  3  4  5  6  7  8  9 10 11 12 |
---------------+-------------------------------------+-----
Dodging        | 2 3 4 5 6 7 |  7.7
Invocations    | 1 2 3 4 6 7 8 9 10 | 10.6
Fighting       | 1 2 3 4 5 6 7 8 |  8.1
Necromancy     | 5 6 7 8 9 10 | 10.1
Spellcasting   | 3 4 5 6 7 |  7.9
Armour         | 1 3 4 5 6 |  6.6
Maces & Flails | 2 3 4 5 6 |  6.5
Hexes          | 3 6 |  6.0
Air Magic      | 2 |  2.0
Stealth        | |  1.7

Action                   |  1- 3 |  4- 6 |  7- 9 | 10-12 || total
-------------------------+-------+-------+-------+-------++-------
Melee: Short sword       |    49 |   307 |   274 |       ||   630
       Punch             |       |     3 |     9 |       ||    12
       Mace              |       |       |   146 |   642 ||   788
 Cast: Pain              |    33 |    10 |       |    20 ||    63
       Animate Skeleton  |     5 |     2 |     6 |     4 ||    17
       Vampiric Draining |       |    13 |    17 |     8 ||    38
       Corpse Rot        |       |       |     2 |       ||     2
       Animate Dead      |       |       |       |    24 ||    24
       Anguish           |       |       |       |    12 ||    12
Invok: Stomp             |       |       |     2 |       ||     2
  Use: Scroll            |     2 |     1 |       |    15 ||    18
       Potion            |       |     1 |     2 |     3 ||     6
 Stab: Sleeping          |     2 |     1 |     6 |     3 ||    12
       Paralysed         |       |       |    11 |    54 ||    65
       Distracted        |       |       |     1 |       ||     1
Armor: Robe              |    16 |    73 |       |       ||    89
       Leather armour    |       |    56 |       |       ||    56
       Ring mail         |       |    19 |   191 |       ||   210
       Steam dragon scal |       |       |       |   167 ||   167
       Ice dragon scales |       |       |       |   198 ||   198
Dodge: Dodged            |    35 |   243 |   376 |   640 ||  1294
Block: Other             |     3 |    83 |    83 |    63 ||   232
       Buckler           |       |       |       |   281 ||   281
